 Dungeon Crawl Stone Soup version 0.18.1-50-g88ac8fd (webtiles) character file.

78 KarmaPolice the Insei (level 4, 21/23 HPs)
             Began as a Vine Stalker Transmuter on Sept 21, 2016.
             Quit the game on level 3 of the Dungeon.
             The game lasted 00:06:30 (1508 turns).

KarmaPolice the Insei (Vine Stalker Transmuter)     Turns: 1508, Time: 00:06:31

Health: 21/23      AC:  3    Str: 13    XL:     4   Next: 36%
Magic:  8/9        EV: 12    Int: 13    God:
Gold:   55         SH:  0    Dex: 15    Spells: 1 memorised, 7 levels left

rFire  . . .     SeeInvis .       - Unarmed
rCold  . . .     Gourm    .     b - +0 robe
rNeg   . . .     Faith    .     (no shield)
rPois  .         Spirit   +     (no helmet)
rElec  .         Dismiss  .     (no cloak)
rCorr  .         Reflect  .     (no gloves)
SustAt .         Harm     .     j - +0 pair of boots (curse)
MR     .....                    (no amulet)
Stlth  +.........               (no ring)
                                (no ring)

@: not resistant to hostile enchantments, very unstealthy
A: fangs 2, regeneration 1, magic shield, antimagic bite, no device heal 3, rot
immunity
a: no special abilities


You were on level 3 of the Dungeon.
You were not hungry.

You visited 1 branch of the dungeon, and saw 3 of its levels.

You collected 55 gold pieces.

Inventory:

Missiles
 a - 12 arrows
Armour
 b - a +0 robe (worn)
 j - a cursed +0 pair of boots (worn)
 l - a +0 pair of gloves
Jewellery
 g - a +3 ring of evasion {unknown}
Scrolls
 e - a scroll of immolation {unknown}
 h - a scroll of remove curse {unknown}
 i - 2 scrolls of teleportation {unknown}
 k - a scroll of amnesia {unknown}
 m - a scroll of blinking {unknown}
 q - a scroll of random uselessness {unknown}
 v - 5 scrolls of identify {unknown}
 w - a scroll of fear {unknown}
Potions
 f - a potion of might {unknown}
 n - a potion of curing {unknown}
 t - 2 potions of ambrosia {unknown}
 u - a potion of degeneration {unknown}
 x - a potion of agility {unknown}
 z - a potion of heal wounds {unknown}
Books
 c - a book of Changes

   Spells                             Type                      Level
   a - Beastly Appendage              Transmutation                1
   b - Sticks to Snakes               Transmutation                2
   c - Spider Form                    Transmutation/Poison         3
   d - Ice Form                       Ice/Transmutation            4
   e - Blade Hands                    Transmutation                5
Comestibles
 d - 2 bread rations
 o - a slice of pizza
 p - 4 fruits
 r - 4 chunks of flesh
 s - 2 meat rations


   Skills:
 + Level 2.0 Fighting
 - Level 1.5 Dodging
 + Level 3.5 Unarmed Combat
 + Level 2.8 Spellcasting
 + Level 2.9 Transmutations


You had 7 spell levels left.
You knew the following spells:

 Your Spells              Type           Power        Failure   Level  Hunger
a - Beastly Appendage     Trmt           #.....       10%         1    #......


Dungeon Overview and Level Annotations

Branches:
Dungeon (3/15)

Altars:
Pakellas


Innate Abilities, Weirdness & Mutations

You have extremely sharp teeth.
Your natural rate of healing is unusually fast.
When hurt, damage is shared between your health and your magic reserves.
Your bite disrupts and absorbs the magic of your enemies.
Potions and wands cannot restore your health.
You are immune to rotting.


Message History

You barely miss the orc. You bite the orc, but do no damage. The orc hits you.
You hit the orc but do no damage. Your bite misses the orc.
The orc completely misses you.
You closely miss the orc. Your bite misses the orc.
The orc hits you but does no damage.
You hit the orc.
The orc is severely wounded.
The orc hits you.
You hit the orc.
You kill the orc!
Your Fighting skill increases to level 2!
You see here an orc corpse.
You see here an orc corpse.
You butcher the orc corpse.
r - 4 chunks of flesh (gained 3)
You see here an orc skeleton.
You now have 55 gold pieces (gained 6).
Quiver which item? (- for none, * to show all) (? for menu, Esc to quit)
Okay, then.
Are you sure you want to abandon this character and quit the game? (Confirm with "yes".)

#.#...###..
#.......<..
##.######.##..#.#.#
#.........##.......
#. ####.#..[......#
#.
#.[.รท..###...#.#
#. #.##.#.# .......
#.##.##.#..........
#.@.....####.#.####
##...#### #.#..
#.### #.##.. #.# ..
.# #.# #.. ###


There were no monsters in sight!

Vanquished Creatures
  2 adders (D:2)
  4 oozes
  A worm (D:2)
  2 dart slugs (D:2)
  An orc (D:3)
  2 ball pythons
  6 bats
  A giant cockroach (D:2)
  2 goblins
  6 hobgoblins
  3 giant newts (D:1)
  4 kobolds
  2 rats (D:1)
36 creatures vanquished.

Notes
Turn   | Place    | Note
--------------------------------------------------------------
     0 | D:1      | KarmaPolice the Vine Stalker Transmuter began the quest for the Orb.
     0 | D:1      | Reached XP level 1. HP: 9/9 MP: 4/4
    20 | D:1      | Reached skill level 1 in Fighting
    54 | D:1      | Reached XP level 2. HP: 14/14 MP: 6/6
   432 | D:1      | Reached XP level 3. HP: 17/18 MP: 5/7
   631 | D:1      | You fall through a shaft!
   957 | D:2      | Found an oddly glowing altar of Pakellas.
   993 | D:2      | Reached XP level 4. HP: 20/23 MP: 9/9
  1508 | D:3      | Quit the game

Skill      XL: |  1  2  3  4 |
---------------+-------------+-----
Fighting       | 1 2 |  2.0
Dodging        | |  1.5
Unarmed Combat | |  3.5
Spellcasting   | |  2.8
Transmutations | |  2.9

Action                   |  1- 3 |  4- 6 || total
-------------------------+-------+-------++-------
Melee: Unarmed           |    96 |    55 ||   151
       Bite              |    20 |    12 ||    32
       Punch             |     2 |     2 ||     4
       Kick              |     1 |       ||     1
       Headbutt          |     2 |     2 ||     4
 Cast: Beastly Appendage |     6 |     1 ||     7
 Stab: Sleeping          |       |     1 ||     1
  Eat: Chunk             |       |     2 ||     2
Armor: Robe              |    22 |    14 ||    36
Dodge: Dodged            |    63 |    28 ||    91
